cohdb
Replays
Latest Replays
All Replays
Popular Replays
Top Player Replays
Match Explorer
How It Works
Community
CoH3 Stats
Reddit
Sign in to upload your games and track your stats! →
Sign in with Steam
successfully countering l6s as brits. pretty proud of this one ngl :)
Match 17492425
Overview
Messages
Build Orders
End
Royal Engineer Section
Royal Engineer Section
Construct Section Command Post
Dingo Light Scout Car
Infantry Section
Infantry Section
Selects Indian Artillery Battlegroup
Selects Towed ML 4.2-inch Heavy Mortar
Towed ML 4.2-inch Heavy Mortar
Construct Field Infirmary
Construct Platoon Command Post
Selects Valour
Unlock M3 Stuart Light Tanks
Selects Gurkha Rifles Section
M3 Stuart Light Tank
M3 Stuart Light Tank
Gurkha Rifles Section
6-pounder Anti-tank Gun Team
Construct Company Command Post
Selects Volunteer Infantry
Selects Off-map Airburst Barrage
Crusader II Medium Tank
Foot Guards Section
Matilda II Heavy Tank
Selects Perimeter Monitor
Crusader II Medium Tank
Armored Vehicle Training
Matilda II Heavy Tank
Foot Guards Section
Love's Curse
0
0
Comments
sign in to comment!
No comments posted yet!